 Dungeon Crawl Stone Soup version 0.25.0-46-gbd7b0854d2 (console) character file.

Game seed: 9040454842579018123

2197 Colgate the Grappler (level 9, -1/71 HPs)
             Began as a Ghoul Monk on July 15, 2020.
             Was a High Priest of Cheibriados.
             Slain by a two-headed ogre
             ... wielding a +0 giant club
              (6 damage)
             ... on level 7 of the Dungeon.
             The game lasted 01:20:19 (6754 turns).

Colgate the Grappler (Ghoul Monk)                   Turns: 6754, Time: 01:20:20

Health: -1/71      AC:  9    Str: 30    XL:     9   Next: 34%
Magic:  2/8        EV: 12    Int: 17    God:    Cheibriados [*****.]
Gold:   363        SH:  0    Dex: 23    Spells: 8/8 levels left

rFire    . . .     SeeInvis .     - Unarmed
rCold    + . .     Gourm    .   (no shield)
rNeg     + + +     Faith    .   x - +0 scale mail
rPois    ∞         Spirit   .   (no helmet)
rElec    .         Reflect  .   f - +0 cloak
rCorr    .         Harm     .   (no gloves)
MR       .....                  q - +0 pair of boots
Stlth    +.........             (no amulet)
HPRegen  0.00/turn              (no ring)
MPRegen  0.11/turn              (no ring)

@: rotting, very slow
A: rotting body, claws 1, carnivore, cold resistance 1, negative energy
resistance 3, inhibited regeneration, torment resistance, unbreathing
a: Bend Time, Temporal Distortion, Slouch, Step From Time, Renounce Religion


You were on level 7 of the Dungeon.
You worshipped Cheibriados.
Cheibriados was extremely pleased with you.
You were not hungry.

You visited 1 branch of the dungeon, and saw 7 of its levels.
You also visited: Ossuary.

You collected 363 gold pieces.

Inventory:

Hand Weapons
 d - a +0 club
 i - a +0 hunting sling
 j - a -1 hunting sling
Missiles
 k - 150 arrows
 o - 67 stones
 p - 52 sling bullets
 t - 32 bolts
 y - 11 boomerangs (quivered)
 B - 19 poisoned darts
Armour
 a - a +0 robe
 e - a +0 ring mail
 f - a +0 cloak (worn)
 h - a +0 leather armour
 q - a +0 pair of boots (worn)
 x - a +0 scale mail (worn)
Scrolls
 c - 3 scrolls of identify
 g - a scroll of immolation {unknown}
 l - a scroll of blinking
 D - a scroll of amnesia
 G - a scroll of remove curse
Potions
 m - 2 potions of brilliance
 n - a potion of heal wounds {unknown}
 r - 2 potions of degeneration {unknown}
 s - a potion of curing {unknown}
 u - 2 potions of lignification {unknown}
 v - a potion of magic {unknown}
 w - 3 potions of cancellation {unknown}
 z - a potion of flight {unknown}
 A - 2 potions of might {unknown}
 C - a potion of ambrosia {unknown}
 E - a potion of mutation {unknown}
 F - a potion of resistance {unknown}
 I - a potion of berserk rage {unknown}
Comestibles
 b - 16 rations
 H - a chunk of flesh


   Skills:
 - Level 4.0 Fighting
 + Level 6.3(6.6) Slings
 - Level 2.7(4.9) Throwing
 - Level 4.1 Armour
 - Level 2.6 Dodging
 - Level 2.1 Stealth
 - Level 9.0 Unarmed Combat


You had 8 spell levels left.
You didn't know any spells.
Your spell library was empty.

Dungeon Overview and Level Annotations

Branches:
Dungeon (7/15)             Temple (0/1) D:6         Ossuary (visited)

Altars:
Cheibriados
Dithmenos
Elyvilon
Fedhas
Uskayaw

Annotations:
D:5 exclusion: 3 slaves, Grinder, Pikel, Prince Ribbit
D:7 exclusion: 6 two-headed ogres


Innate Abilities, Weirdness & Mutations

Your body is rotting away.
You thrive on raw meat.
You are immune to poison.
You have sharp fingernails.
You are carnivorous and can eat meat at any time.
Your flesh is cold resistant. (rC+)
You are immune to negative energy. (rN+++)
You do not regenerate when monsters are visible.
You are immune to unholy pain and torment.
You can survive without breathing.


Message History

The flow of time bends around you.
The two-headed ogre easily resists.
You feel slightly more hungry.
The two-headed ogre barely misses you. x2
You don't have enough magic at the moment.
You claw the two-headed ogre!
The two-headed ogre is lightly wounded.
The two-headed ogre barely misses you.
The two-headed ogre hits you with a +0 giant spiked club!!
You barely miss the two-headed ogre.
The two-headed ogre is lightly wounded.
You scratch the two-headed ogre but do no damage.
The two-headed ogre is lightly wounded.
The two-headed ogre hits you with a +0 giant club!
* * * LOW HITPOINT WARNING * * *
The two-headed ogre hits you with a +0 giant spiked club!
* * * LOW HITPOINT WARNING * * *
You barely miss the two-headed ogre.
The two-headed ogre is lightly wounded.
The two-headed ogre hits you with a +0 giant club.
* * * LOW HITPOINT WARNING * * *
The two-headed ogre hits you with a +0 giant spiked club.
You die...

############
##..........##
##............##
#..............#
#..............#
#..............#
#.........(....#
#.......@O.(...#
##.........((.##
##.........(...
#########...(.
.##.# .. .. #
#.# ## #. .####
#.. #.## ....#
#....#..# #...
#....##.## #...


You could see a two-headed ogre.

Vanquished Creatures
  Edmund (D:6)
  A phantom (D:4)
  4 ogres
  3 centaurs
  An elf zombie (Ossuary)
  3 bullfrogs (D:7)
  An elf skeleton (D:4)
  2 scorpions
  2 crimson imps
  A bullfrog zombie (D:7)
  4 centaur zombies
  2 orc wizards
  2 human zombies (Ossuary)
  5 orc priests
  Jessica (D:3)
  A human skeleton (D:4)
  2 iguanas
  5 worker ants
  A hound skeleton (D:4)
  2 mummies (Ossuary)
  7 adders
  A howler monkey skeleton (D:4)
  2 shadow imps
  2 oozes (D:3)
  2 adder zombies (Ossuary)
  An adder skeleton (D:4)
  A worm (D:2)
  3 dart slugs
  10 leopard geckos
  19 orcs
  9 giant cockroaches
  7 goblins
  7 hobgoblins
  2 quokkas
  A ball python (D:2)
  4 bats
  A frilled lizard (D:3)
  2 goblin zombies (Ossuary)
  10 hobgoblin zombies (Ossuary)
  9 kobolds
  7 kobold zombies (Ossuary)
  An orc skeleton (D:4)
  11 orc zombies
  A quokka skeleton (D:6)
  6 rats
  2 rat zombies (Ossuary)
  A bush (D:1)
173 creatures vanquished.

Vanquished Creatures (others)
  6 fungi (D:5)
  A plant (D:5)
7 creatures vanquished.

Grand Total: 180 creatures vanquished

Notes
Turn   | Place    | Note
-------+----------+-------------------------------------------
     0 | D:1      | Colgate the Ghoul Monk began the quest for the Orb.
     0 | D:1      | Reached XP level 1. HP: 19/19 MP: 0/0
   153 | D:1      | Reached XP level 2. HP: 22/26 MP: 1/1
   410 | D:1      | You fall into a shaft and drop 1 floor!
   429 | D:2      | Reached skill level 4 in Unarmed Combat
   429 | D:2      | Reached XP level 3. HP: 31/33 MP: 2/2
   963 | D:1      | Reached XP level 4. HP: 40/40 MP: 3/3
  1279 | D:2      | Reached skill level 5 in Unarmed Combat
  1553 | D:2      | Found a snail-covered altar of Cheibriados.
  1556 | D:2      | Became a worshipper of Cheibriados the Contemplative
  1556 | D:2      | Reached * piety under Cheibriados
  1556 | D:2      | Reached ** piety under Cheibriados
  1611 | D:2      | Reached skill level 1 in Armour
  1860 | D:3      | Reached skill level 1 in Slings
  1897 | D:3      | Noticed Jessica
  1900 | D:3      | Killed Jessica
  1900 | D:3      | Reached XP level 5. HP: 46/46 MP: 4/4
  2370 | D:3      | Reached XP level 6. HP: 48/52 MP: 5/5
  2410 | D:3      | Found a white marble altar of Elyvilon.
  2731 | D:4      | Found a sand-covered staircase.
  2742 | Ossuary  | Entered an ossuary
  2767 | Ossuary  | Reached *** piety under Cheibriados
  3257 | Ossuary  | Reached XP level 7. HP: 55/59 MP: 6/6
  3265 | Ossuary  | Reached skill level 5 in Slings
  3282 | Ossuary  | Reached **** piety under Cheibriados
  3558 | D:4      | Reached skill level 6 in Unarmed Combat
  3837 | D:4      | Reached skill level 7 in Unarmed Combat
  3895 | D:4      | Reached skill level 1 in Throwing
  3895 | D:4      | Reached XP level 8. HP: 64/66 MP: 7/7
  4092 | D:5      | Entered Level 5 of the Dungeon
  4306 | D:5      | Found a blossoming altar of Fedhas.
  4735 | D:5      | Found a shadowy altar of Dithmenos.
  4758 | D:5      | Noticed Grinder
  4809 | D:5      | Reached skill level 8 in Unarmed Combat
  4947 | D:5      | Noticed Pikel
  4947 | D:5      | Noticed Prince Ribbit
  5860 | D:6      | Found a staircase to the Ecumenical Temple.
  5931 | D:6      | Reached ***** piety under Cheibriados
  6085 | D:6      | Found a hide-covered altar of Uskayaw.
  6165 | D:6      | Reached XP level 9. HP: 54/71 MP: 8/8
  6316 | D:6      | Noticed Edmund
  6324 | D:6      | Killed Edmund
  6571 | D:7      | Noticed a two-headed ogre
  6637 | D:7      | Reached skill level 9 in Unarmed Combat
  6754 | D:7      | Slain by a two-headed ogre

Illustrated notes

Levels and vault maps discovered:
D:1:      minmay_arrival_hallway, layout_basic, minmay_hedge_maze, st_stairs_11
D:2:      layout_basic, lemuel_doored_altar
D:3:      layout_loops_ring, elyvilon_altar_5, first_ration,
          kennysheep_pointless_box, kennysheep_generic_room_4, uniq_jessica
D:4:      layout_loops_ring, nicolae_ossuary_entry_catacombs
D:5:      layout_loops_ring, basic_altar, kennysheep_doodads, fedhas_altar_3,
          uniq_prince_ribbit1, uniq_grinder, uniq_pikel
D:6:      layout_basic, kennysheep_mini_moat, temple_fountains, uniq_edmund
D:7:      layout_rooms, serial_shops, shop

Skill      XL: |  1  2  3  4  5  6  7  8  9 |
---------------+----------------------------+-----
Fighting       | 4 |  4.0
Unarmed Combat | 4 5 7 8 9 |  9.0
Armour         | 1 3 4 |  4.1
Slings         | 1 3 4 5 6 |  6.3
Throwing       | 1 2 |  2.7
Dodging        | |  2.6
Stealth        | |  2.1

Action                   |  1- 3 |  4- 6 |  7- 9 || total
-------------------------+-------+-------+-------++-------
Melee: Unarmed           |   139 |   113 |   131 ||   383
       Punch             |     3 |     5 |    10 ||    18
 Fire: Hunting sling     |     1 |   121 |   105 ||   227
Throw: Stone             |    26 |     6 |     1 ||    33
       Dart              |       |       |    19 ||    19
       Boomerang         |       |       |    10 ||    10
Invok: Bend Time         |       |     1 |     2 ||     3
  Use: Scroll            |     3 |     4 |     7 ||    14
 Stab: Sleeping          |       |     1 |       ||     1
  Eat: Chunk             |     3 |     5 |     3 ||    11
Armor: Ring mail         |    17 |    33 |     3 ||    53
       Robe              |     1 |       |       ||     1
       Scale mail        |       |       |    26 ||    26
Dodge: Dodged            |    33 |    64 |    65 ||   162
